cohdb
Replays
Latest Replays
All Replays
Popular Replays
Top Player Replays
Match Explorer
How It Works
Community
CoH3 Stats
Reddit
Sign in to upload your games and track your stats! →
Sign in with Steam
Match 42313946
Unlisted
Match 42313946
Overview
Messages
Build Orders
End
Construct Infanterie Kompanie
Pioneer Squad
Grenadier Squad
Selects Breakthrough Battlegroup
Selects Assault Grenadiers
Grenadier Squad
MG 42 Machine Gun Team
Construct Luftwaffe Kompanie
Grenadier Squad
Jäger Squad
221 Scout Car
Selects Rapid Production
Jäger Squad
Jäger Squad
Luftwaffe Officer Quarters
Medical Station
Flak 30 Anti-aircraft Gun Team
Jäger Squad
Construct Panzergrenadier Kompanie
Selects Blitzkrieg
Jäger Squad
Pioneer Squad
Selects Tiger Heavy Tank
Selects Breakthrough
Selects Incendiary Bombing Run
Incendiary Bombing Run
Tiger Heavy Tank
Incendiary Bombing Run
Jäger Squad
Geist
RauschebartRonni
Tok3n x Operator
MonoChrome
0
0
Comments
sign in to comment!
No comments posted yet!